 Dungeon Crawl Stone Soup version 0.20-a0-1122-gb7cbeb9 (webtiles) character file.

91 KristoblXynda the Sneak (level 4, 0/21 HPs)
             Began as a Spriggan Enchanter on May 12, 2017.
             Slain by Natasha (5 damage)
             ... on level 2 of the Dungeon.
             The game lasted 00:03:48 (1595 turns).

KristoblXynda the Sneak (Spriggan Enchanter)        Turns: 1595, Time: 00:03:50

Health: 0/21       AC:  3    Str:  9    XL:     4   Next: 33%
Magic:  4/11       EV: 18    Int: 17    God:
Gold:   93         SH:  3    Dex: 16    Spells: 5/11 levels left

rFire    . . .     SeeInvis +   a - +1 dagger
rCold    . . .     Gourm    .   (shield restricted)
rNeg     . . .     Faith    .   b - +1 robe
rPois    .         Spirit   .   (helmet restricted)
rElec    .         Reflect  +   (no cloak)
rCorr    .         Harm     .   (gloves unavailable)
MR       .....                  (boots unavailable)
Stlth    +++.......             j - +3 amulet of reflection
Regen    0.1/turn               g - ring of wizardry
MPRegen  0.2/turn               l - +3 ring of slaying

@: mighty, slowed, quick
A: unfitting armour, see invisible, herbivore 3, speed 3, slow metabolism 2
a: no special abilities


You were on level 2 of the Dungeon.
You were not hungry.

You visited 1 branch of the dungeon, and saw 2 of its levels.

You collected 93 gold pieces.

Inventory:

Hand Weapons
 a - a +1 dagger (weapon)
Armour
 b - a +1 robe (worn)
Jewellery
 g - a ring of wizardry (left hand)
 j - a +3 amulet of reflection (around neck)
 l - a +3 ring of slaying (right hand)
Scrolls
 e - a scroll of enchant armour
 h - a scroll of amnesia {unknown}
 k - a scroll of magic mapping
 n - a scroll of teleportation {unknown}
 o - a scroll of fear {unknown}
Potions
 i - a potion of invisibility
Books
 c - a book of Maledictions

   Spells                             Type                      Level
   a - Corona                         Hexes                        1
   b - Ensorcelled Hibernation        Hexes/Ice                    2
   c - Confuse                        Hexes                        3
   d - Tukima's Dance                 Hexes                        3
   e - Dazzling Spray                 Conjuration/Hexes            3
Comestibles
 d - 2 bread rations


   Skills:
 - Level 1.1 Short Blades
 - Level 3.0 Dodging
 + Level 5.6 Stealth
 + Level 4.0 Spellcasting
 + Level 4.7 Hexes


You had 5 spell levels left.
You knew the following spells:

 Your Spells              Type           Power        Failure   Level  Hunger
a - Corona                Hex            ###....      1%          1    None
b - Ensorcelled Hibernat  Hex/Ice        ##....       3%          2    ##.....
c - Confuse               Hex            ###.....     2%          3    ###....


Dungeon Overview and Level Annotations

Branches:
Dungeon (2/15)

Altars:

Annotations:
D:2 Natasha, Robin


Innate Abilities, Weirdness & Mutations

You are very small and have problems with some larger weapons.
You are too small for most types of armour.
You have supernaturally acute eyesight. (SInv)
You are a herbivore.
You cover ground extremely quickly.
You need consume almost no food.


Message History

The adder looks drowsy...
The hobgoblin completely misses you.
The helpless adder fails to defend itself.
You stick the adder like a pincushion!!!
You kill the adder!
Your Spellcasting skill increases to level 4!
Natasha casts a spell at you.
You feel yourself slow down. The hobgoblin barely misses you.
Casting: Ensorcelled Hibernation
Confirm with . or Enter, or press ? or * to list all spells.
Aiming: Ensorcelled Hibernation
Press: ? - help, Shift-Dir - straight line, f - hobgoblin
Aim: a hobgoblin, wielding a club (chance to defeat MR: 60%)
The hobgoblin looks drowsy...
The helpless hobgoblin fails to defend itself.
You spit the hobgoblin like a pig!!!
You kill the hobgoblin!
Natasha claws you!
* * * LOW HITPOINT WARNING * * *
Natasha claws you.
You die...

..#....# .... .......#
#.#.##....g.# #...
......# #...##..g..#
.......†...# . #.......#
#.#. #h#.....# #.#.
#@#.....# ##### ...
#)#.....# #....
#####.####w#.....####
#.###
#.........w#........###.#
#.......w###.........##.#
#........# ####......##.#
##........# #......##<#
....?....s# #......'"†#
..........# #....).####


You could see a worm, Natasha and a dart slug.

Vanquished Creatures
  Natasha (D:2)
  An adder (D:2)
  An ooze (D:1)
  A worm (D:2)
  2 giant cockroaches (D:2)
  16 goblins
  10 hobgoblins
  2 kobolds (D:1)
  A ball python (D:1)
  2 bats (D:1)
  2 frilled lizards (D:2)
  3 rats
42 creatures vanquished.

Notes
Turn   | Place    | Note
-------+----------+-------------------------------------------
     0 | D:1      | KristoblXynda the Spriggan Enchanter began the quest for the Orb.
     0 | D:1      | Reached XP level 1. HP: 9/9 MP: 5/5
   535 | D:1      | Reached XP level 2. HP: 10/13 MP: 7/7
   783 | D:1      | Learned a level 2 spell: Ensorcelled Hibernation
  1258 | D:2      | Reached XP level 3. HP: 16/16 MP: 6/9
  1285 | D:2      | Noticed Robin
  1345 | D:2      | Reached skill level 5 in Stealth
  1443 | D:2      | Learned a level 3 spell: Confuse
  1549 | D:2      | Noticed Natasha
  1550 | D:2      | Killed Natasha
  1550 | D:2      | Reached XP level 4. HP: 21/21 MP: 10/10
  1583 | D:2      | Noticed Natasha
  1595 | D:2      | Slain by Natasha

Vault maps used:
D:1:      lightli_arrival_statue_moat, minmay_misc_feat_cross
D:2:      first_bread, uniq_robin, uniq_natasha

Skill      XL: |  1  2  3  4 |
---------------+-------------+-----
Spellcasting   | 3 4 |  4.0
Hexes          | 4 |  4.7
Stealth        | 5 |  5.6
Short Blades   | |  1.1
Dodging        | |  3.0

Action                   |  1- 3 |  4- 6 || total
-------------------------+-------+-------++-------
Melee: Dagger            |   133 |    20 ||   153
 Cast: Ensorcelled Hiber |     8 |     3 ||    11
  Use: Scroll            |     5 |       ||     5
       Potion            |       |     2 ||     2
 Stab: Sleeping          |    10 |     3 ||    13
Armor: Robe              |    12 |     4 ||    16
Dodge: Dodged            |    87 |    14 ||   101
Block: Other             |     7 |     1 ||     8
